 Dungeon Crawl Stone Soup version 0.24.0-1-gfbc8707122 (webtiles) character file.

Game seed: 15129581661296447591, levelgen mode: deterministic

380 Arum the Slasher (level 6, 0/44 HPs)
             Began as a Gnoll Wanderer on Oct 28, 2019.
             Was a Follower of Ashenzari.
             Slain by a worker ant (3 damage)
             ... on level 4 of the Dungeon.
             The game lasted 00:04:50 (2665 turns).

Arum the Slasher (Gnoll Wanderer)                   Turns: 2665, Time: 00:04:50

Health: 0/44       AC:  8    Str: 16    XL:     6   Next: 75%
Magic:  20/20      EV: 11    Int: 13    God:    Ashenzari [*.....]
Gold:   138        SH:  0    Dex: 16    Spells: 11/12 levels left

rFire    . . .     SeeInvis .   a - +2 falchion
rCold    . . .     Gourm    .   (no shield)
rNeg     . . .     Faith    .   d - +0 ring mail
rPois    .         Spirit   .   (no helmet)
rElec    .         Reflect  .   q - +0 cloak
rCorr    .         Harm     .   e - +0 pair of gloves
MR       .....                  m - +0 pair of boots
Stlth    ++........             (no amulet)
HPRegen  0.14/turn              i - ring of magical power
MPRegen  0.17/turn              (no ring)

@: no status effects
A: distributed training, fangs 1, strong nose
a: Curse Item, Scrying, Renounce Religion


You were on level 4 of the Dungeon.
You worshipped Ashenzari.
Ashenzari was aware of your devotion.
You were hungry.

You visited 1 branch of the dungeon, and saw 4 of its levels.

You collected 138 gold pieces.

Inventory:

Hand Weapons
 a - a +2 falchion (weapon)
Armour
 d - a +0 ring mail (worn)
 e - a +0 pair of gloves (worn)
 m - a +0 pair of boots (worn)
 q - a +0 cloak (worn)
Jewellery
 i - a ring of magical power (left hand)
 o - an uncursed ring of ice
Scrolls
 b - 4 scrolls of identify {unknown}
 j - 3 scrolls of immolation {unknown}
 k - 2 scrolls of remove curse
 l - 2 scrolls of blinking {unknown}
 n - 2 scrolls of magic mapping {unknown}
Potions
 c - 3 potions of curing
 g - a potion of mutation {unknown}
 h - a potion of berserk rage {unknown}
 p - a potion of brilliance {unknown}
Comestibles
 f - 6 rations


   Skills:
 + Level 2.0 Fighting
 + Level 2.0 Short Blades
 + Level 6.8 Long Blades
 + Level 2.0 Axes
 + Level 2.0 Maces & Flails
 + Level 2.0 Polearms
 + Level 2.0 Staves
 + Level 2.0 Slings
 + Level 2.0 Bows
 + Level 2.0 Crossbows
 + Level 2.0 Throwing
 + Level 2.0 Armour
 + Level 2.0 Dodging
 + Level 3.1 Stealth
 + Level 3.3 Shields
 + Level 2.0 Unarmed Combat
 + Level 3.5 Spellcasting
 + Level 1.6 Conjurations
 + Level 1.6 Hexes
 + Level 1.6 Charms
 + Level 2.7 Summonings
 + Level 1.6 Necromancy
 + Level 1.6 Translocations
 + Level 1.6 Transmutations
 + Level 1.6 Fire Magic
 + Level 1.6 Ice Magic
 + Level 5.7 Air Magic
 + Level 1.6 Earth Magic
 + Level 1.6 Poison Magic
 + Level 2.2 Invocations
 + Level 2.0 Evocations


You had 11 spell levels left.
You knew the following spells:

 Your Spells              Type           Power        Failure   Level  Hunger
a - Flame Tongue          Conj/Fire      #....        21%         1    #......

Your spell library contained the following spells:

 Spells                   Type           Power        Failure   Level  Hunger
 Inner Flame              Hex/Fire       #.......     52%         3    ###....


Dungeon Overview and Level Annotations

Branches:
Dungeon (4/15)
 Temple: D:4-7

Altars:
Ashenzari
Zin

Annotations:
D:4 exclusion: ogre


Innate Abilities, Weirdness & Mutations

Your experience applies equally to all skills.
You have very sharp teeth.
Your uncanny sense of smell can sniff out nearby items.


Message History

The iguana barely misses you.
You riposte.
You hit the iguana.
The iguana is moderately wounded.
Unknown command.
You barely miss the iguana.
The iguana is moderately wounded.
The iguana misses you.
You riposte.
You barely miss the iguana.
The iguana is moderately wounded.
You slash the iguana!
The iguana is severely wounded.
The iguana bites you!
* * * LOW HITPOINT WARNING * * *
You slash the iguana!
You kill the iguana!
Unknown command.
The worker ant bites you but does no damage.
The worker ant closely misses you.
There is an open door here.
There's a creature in the doorway!
The worker ant bites you.
You die...

#.......## ######.##
########.#
#........#
.........###
#.####.....######
.####..........#
..........####.#
####..@..# #.#
.####[.a.## #.#
........######.####
......#O# #.......#
#######o# #.##.##.#
##'###.##.##.#
##...##.##.##.####
##.....#.##.......#
.
##........#####.##.#


You could see an ogre, a worker ant and an orc.

Vanquished Creatures
  A phantom (D:4)
  3 orc wizards
  2 iguanas (D:4)
  2 worker ants (D:4)
  3 adders
  An ooze (D:2)
  3 worms
  A leopard gecko (D:4)
  7 orcs
  4 giant cockroaches
  10 goblins
  3 hobgoblins
  4 quokkas
  6 bats
  6 frilled lizards
  6 kobolds (D:1)
  8 rats
70 creatures vanquished.

Notes
Turn   | Place    | Note
-------+----------+-------------------------------------------
     0 | D:1      | Arum the Gnoll Wanderer began the quest for the Orb.
     0 | D:1      | Arum set off with the following items: a +2 falchion, a
                  | potion of curing, a +0 robe, a ration; and the following
                  | spell memorised: Flame Tongue; and the following spells
                  | available to memorise: Inner Flame
     0 | D:1      | Reached XP level 1. HP: 13/13 MP: 4/4
   146 | D:1      | Reached XP level 2. HP: 14/19 MP: 5/5
   163 | D:1      | Found a shattered altar of Ashenzari.
   174 | D:1      | Became a worshipper of Ashenzari the Shackled
   426 | D:1      | Reached XP level 3. HP: 23/25 MP: 7/7
   839 | D:2      | Reached skill level 1 in Invocations
  1037 | D:2      | Reached skill level 1 in Fighting
  1037 | D:2      | Reached skill level 1 in Short Blades
  1037 | D:2      | Reached skill level 1 in Axes
  1037 | D:2      | Reached skill level 1 in Maces & Flails
  1037 | D:2      | Reached skill level 1 in Polearms
  1037 | D:2      | Reached skill level 1 in Staves
  1037 | D:2      | Reached skill level 1 in Slings
  1037 | D:2      | Reached skill level 1 in Bows
  1037 | D:2      | Reached skill level 1 in Crossbows
  1037 | D:2      | Reached skill level 1 in Throwing
  1037 | D:2      | Reached skill level 1 in Armour
  1037 | D:2      | Reached skill level 1 in Dodging
  1037 | D:2      | Reached skill level 1 in Unarmed Combat
  1037 | D:2      | Reached skill level 1 in Evocations
  1218 | D:3      | Reached XP level 4. HP: 25/32 MP: 8/8
  1340 | D:3      | Reached skill level 1 in Conjurations
  1340 | D:3      | Reached skill level 1 in Hexes
  1340 | D:3      | Reached skill level 1 in Charms
  1340 | D:3      | Reached skill level 1 in Necromancy
  1340 | D:3      | Reached skill level 1 in Translocations
  1340 | D:3      | Reached skill level 1 in Transmutations
  1340 | D:3      | Reached skill level 1 in Fire Magic
  1340 | D:3      | Reached skill level 1 in Ice Magic
  1340 | D:3      | Reached skill level 1 in Earth Magic
  1340 | D:3      | Reached skill level 1 in Poison Magic
  1921 | D:3      | Reached XP level 5. HP: 31/37 MP: 9/9
  2109 | D:4      | Reached * piety under Ashenzari
  2271 | D:4      | Noticed an ogre
  2285 | D:4      | Noticed a phantom
  2323 | D:4      | Killed a phantom
  2323 | D:4      | Reached XP level 6. HP: 14/44 MP: 11/11
  2335 | D:4      | Found a glowing silver altar of Zin.
  2628 | D:4      | Identified the ring of Teirchu {-Tele rC++ EV+6 SInv}
  2650 | D:4      | HP: 1/44 [iguana (7)]
  2665 | D:4      | Slain by a worker ant

Levels and vault maps discovered:
D:1:      psy_arrival_dodecagon, layout_basic, ashenzari_altar_1
D:2:      layout_rooms
D:3:      layout_basic, hex_tiny, nrook_campfire
D:4:      minmay_diamond_boxcup, layout_loops_corners, zin_statuary,
          lemuel_round_altar, first_ration, hangedman_minor_gate_pass

Skill      XL: |  1  2  3  4  5  6 |
---------------+-------------------+-----
Summonings     | 2 |  2.7
Invocations    | 1 2 |  2.2
Fighting       | 1 2 |  2.0
Short Blades   | 1 2 |  2.0
Axes           | 1 2 |  2.0
Maces & Flails | 1 2 |  2.0
Polearms       | 1 2 |  2.0
Staves         | 1 2 |  2.0
Slings         | 1 2 |  2.0
Bows           | 1 2 |  2.0
Crossbows      | 1 2 |  2.0
Throwing       | 1 2 |  2.0
Armour         | 1 2 |  2.0
Dodging        | 1 2 |  2.0
Unarmed Combat | 1 2 |  2.0
Evocations     | 1 2 |  2.0
Spellcasting   | 3 |  3.5
Conjurations   | 1 |  1.6
Hexes          | 1 |  1.6
Charms         | 1 |  1.6
Necromancy     | 1 |  1.6
Translocations | 1 |  1.6
Transmutations | 1 |  1.6
Fire Magic     | 1 |  1.6
Ice Magic      | 1 |  1.6
Earth Magic    | 1 |  1.6
Poison Magic   | 1 |  1.6
Shields        | 3 |  3.3
Stealth        | 3 |  3.1
Long Blades    | |  6.8
Air Magic      | |  5.7

Action                   |  1- 3 |  4- 6 || total
-------------------------+-------+-------++-------
Melee: Falchion          |   103 |    96 ||   199
       Bite              |    11 |    13 ||    24
       Punch             |       |     1 ||     1
 Cast: Flame Tongue      |       |     5 ||     5
 Stab: Sleeping          |     4 |     3 ||     7
  Eat: Chunk             |     1 |     4 ||     5
Armor: Ring mail         |    31 |    42 ||    73
Dodge: Dodged            |    45 |    59 ||   104
       Rpst.: Falchion   |    10 |    24 ||    34
